 Dungeon Sprint DCSS version 0.21.2 (webtiles) character file.

5434 Fang the Severer (level 10, -6/74 HPs)
             Began as a Gargoyle Berserker on Sept 25, 2018.
             Was the Champion of Trog.
             Mangled by a glaive of flaming (23 damage)
             ... in the Dungeon (Sprint VII: "The Pits").
             The game lasted 00:03:41 (1410 turns).

Fang the Severer (Gargoyle Berserker)               Turns: 1410, Time: 00:03:41

Health: -6/74      AC: 25    Str: 24    XL:     10   Next: 68%
Magic:  10/10      EV:  9    Int: 11    God:    Trog [******]
Gold:   0          SH:  0    Dex:  9    Spells: 9/9 levels left

rFire    . . .     SeeInvis .   o - +6 executioner's axe (flame)
rCold    . . .     Gourm    .   (shield currently unavailable)
rNeg     + . .     Faith    .   n - +2 plate armour
rPois    ∞         Spirit   .   (no helmet)
rElec    +         Reflect  .   (no cloak)
rCorr    .         Harm     .   (no gloves)
MR       .....     NoTele   +   (no boots)
Stlth    ..........             (no amulet)
HPRegen  0.22/turn              b - +3 ring of intelligence
MPRegen  0.12/turn              s - +3 ring of protection

@: berserk cooldown, slowed, very slow
A: negative energy resistance 1, electricity resistance, unbreathing,
petrification resistance, rot immunity, AC +7
a: Berserk, Trog's Hand, Brothers in Arms, Burn Spellbooks, Renounce Religion


You were in the Dungeon.
You worshipped Trog.
Trog was exalted by your worship.
You were very hungry.

You visited 1 branch

Inventory:

Hand Weapons
 j - a +2 hand axe
 o - a +6 executioner's axe of flaming (weapon)
 u - a +2 war axe of chopping
 v - a +1 antimagic battleaxe
Armour
 n - a +2 plate armour (worn)
Jewellery
 b - a +3 ring of intelligence (left hand)
 s - a +3 ring of protection (right hand)
Scrolls
 i - a scroll of blinking
 k - 3 scrolls of remove curse
 l - a scroll of summoning
Potions
 a - 2 potions of invisibility
 d - 6 potions of curing
 e - 7 potions of heal wounds
 f - a potion of haste
 g - 4 potions of magic
 h - 3 potions of berserk rage
 p - a potion of agility
 q - a potion of might
 r - 4 potions of brilliance
 t - a potion of resistance
Comestibles
 c - 9 rations


   Skills:
 + Level 13.9 Fighting
 + Level 16.6 Axes
 + Level 8.2 Armour
 + Level 6.1 Dodging
 + Level 1.0 Stealth


You had 9 spell levels left.
You didn't know any spells.

Dungeon Overview and Level Annotations

Branches:
Dungeon (1/1)

Altars:
Cheibriados
Dithmenos
Elyvilon
Fedhas
Gozag
Hepliaklqana
Makhleb
Nemelex Xobeh
Okawaru
Qazlal
Ru
Sif Muna
Trog
Vehumet
Wu Jian
Xom
Yredelemnul
Zin
The Shining One
Beogh
Jiyva
Lugonu


Innate Abilities, Weirdness & Mutations

You are resistant to torment.
Your stone body is resilient. (AC +7)
You are immune to poison.
You resist negative energy. (rN+)
You are resistant to electric shocks. (rElec)
You can survive without breathing.
You are immune to petrification.
You are immune to rotting.


Message History

Unknown command.
You are too injured to fight recklessly!
You feel much better.
Your cyclops is no longer berserk.
Your cyclops disappears in a puff of smoke!
The glaive of flaming hits you! The glaive of flaming burns you.
The orc barely misses you. The glaive of flaming hits you.
* * * LOW HITPOINT WARNING * * *
The glaive of flaming burns you.
* * * LOW HITPOINT WARNING * * *
Unknown command.
Wield which item (- for none, * to show all)? (? for menu, Esc to quit)
Okay, then.
You slice the glaive of flaming!! You burn the glaive of flaming.
The glaive of flaming is severely damaged.
You slash the orc! You burn the orc.
You kill the orc!
Trog accepts your kill. The glaive of flaming hits you!!
You die...

..........+ #..#......#
..........# ###''######
.##)'########### ####
.##....##..'...##...###
.##..)##...#..##......##
.##..##...##.(#))......#
.##..#...##...')@(......
.##..'..##....###)......
.##.##).#.......###.....
#####...'.).......# ....
## #....#....####..# ...
[##..#..##..##..##..+ ..
[##.###..##.'†...+ .# .
)####.##..#.##..## #
)###..)'..').####


You could see a glaive of flaming.

Vanquished Creatures
  A flayed ghost (D)
  An orc sorcerer (D)
  A manticore (D)
  A gargoyle (D)
  A spiny frog (D)
  An orange demon (D)
  2 kobold demonologists (D)
  A freezing wraith (D)
  A red devil (D)
  A shadow (D)
  A spriggan (D)
  A yak (D)
  A wraith (D)
  A wyvern (D)
  A ynoxinul (D)
  A fire bat (D)
  Edmund (D)
  2 wargs (D)
  A floating eye (D)
  A water moccasin (D)
  A sky beast (D)
  An orc warrior (D)
  A black bear (shapeshifter) (D)
  An ogre (D)
  6 wights (D)
  2 quasits (D)
  2 adders (D)
  A gnoll (D)
  2 river rats (D)
  2 worms (D)
  A leopard gecko (D)
  4 orcs (D)
  A bat zombie (D)
  A giant cockroach (D)
  2 goblins (D)
  2 hobgoblins (D)
  2 kobolds (D)
  A giant cockroach zombie (D)
55 creatures vanquished.

Vanquished Creatures (collateral kills)
  2 big kobolds (D)
  An orc wizard (D)
  An orc (D)
4 creatures vanquished.

Grand Total: 59 creatures vanquished

Notes
Turn   | Place    | Note
-------+----------+-------------------------------------------
     0 | D        | Fang the Gargoyle Berserker began the quest for the Orb.
     0 | D        | Reached XP level 1. HP: 14/14 MP: 1/1
    17 | D        | Reached skill level 3 in Axes
   104 | D        | Found a bloodstained altar of Trog.
   104 | D        | Found a deep blue altar of Sif Muna.
   104 | D        | Found a viscous altar of Jiyva.
   104 | D        | Found a hazy altar of Hepliaklqana.
   104 | D        | Found an opulent altar of Gozag.
   105 | D        | Found a glowing golden altar of the Shining One.
   105 | D        | Found a glowing silver altar of Zin.
   105 | D        | Found a basalt altar of Yredelemnul.
   105 | D        | Found a shimmering altar of Xom.
   105 | D        | Found an ornate altar of the Wu Jian Council.
   105 | D        | Found a sacrificial altar of Ru.
   105 | D        | Found a stormy altar of Qazlal.
   105 | D        | Found an iron altar of Okawaru.
   105 | D        | Found a sparkling altar of Nemelex Xobeh.
   105 | D        | Found a burning altar of Makhleb.
   105 | D        | Found a blossoming altar of Fedhas.
   105 | D        | Found a white marble altar of Elyvilon.
   105 | D        | Found a shadowy altar of Dithmenos.
   105 | D        | Found a snail-covered altar of Cheibriados.
   107 | D        | Found a radiant altar of Vehumet.
   107 | D        | Found a corrupted altar of Lugonu.
   107 | D        | Found a roughly hewn altar of Beogh.
   148 | D        | Reached XP level 2. HP: 17/20 MP: 2/2
   155 | D        | Reached ** piety under Trog
   155 | D        | Reached skill level 4 in Axes
   257 | D        | Reached skill level 5 in Fighting
   257 | D        | Reached XP level 3. HP: 22/26 MP: 3/3
   300 | D        | Noticed Edmund
   306 | D        | Reached *** piety under Trog
   313 | D        | Killed Edmund
   313 | D        | Reached skill level 7 in Axes
   313 | D        | Reached XP level 4. HP: 34/34 MP: 4/4
   313 | D        | Reached XP level 5. HP: 38/38 MP: 5/5
   436 | D        | Noticed a floating eye
   436 | D        | Noticed an ogre
   441 | D        | Killed a floating eye
   441 | D        | Reached skill level 8 in Axes
   441 | D        | Reached XP level 6. HP: 44/44 MP: 6/6
   441 | D        | Reached **** piety under Trog
   447 | D        | Reached skill level 9 in Axes
   449 | D        | Reached ***** piety under Trog
   452 | D        | Reached skill level 10 in Axes
   452 | D        | Reached XP level 7. HP: 51/51 MP: 7/7
   512 | D        | Reached skill level 5 in Dodging
   515 | D        | Noticed a yak
   521 | D        | Killed a yak
   521 | D        | Reached skill level 10 in Fighting
   521 | D        | Reached skill level 11 in Axes
   524 | D        | Noticed a fire bat
   531 | D        | Killed a fire bat
   531 | D        | Received a gift from Trog
   531 | D        | Reached XP level 8. HP: 49/58 MP: 8/8
   545 | D        | Reached skill level 12 in Axes
   577 | D        | Noticed a wyvern
   582 | D        | Killed a wyvern
   584 | D        | Reached ****** piety under Trog
   846 | D        | Noticed a red devil
   846 | D        | Noticed a freezing wraith
   854 | D        | Killed a freezing wraith
   854 | D        | Received a gift from Trog
   854 | D        | Reached skill level 13 in Axes
   856 | D        | Killed a red devil
   856 | D        | Reached XP level 9. HP: 64/64 MP: 3/9
   903 | D        | Noticed a manticore
   910 | D        | Killed a manticore
   910 | D        | Reached skill level 14 in Axes
   910 | D        | Reached skill level 5 in Armour
  1149 | D        | Received a gift from Trog
  1175 | D        | Noticed an orange demon
  1183 | D        | Killed an orange demon
  1183 | D        | Reached skill level 15 in Axes
  1250 | D        | Noticed a gargoyle
  1256 | D        | Killed a gargoyle
  1256 | D        | Reached XP level 10. HP: 58/72 MP: 3/10
  1262 | D        | Noticed a flayed ghost
  1280 | D        | Killed a flayed ghost
  1305 | D        | Noticed a spiny frog
  1309 | D        | Received a gift from Trog
  1312 | D        | Killed a spiny frog
  1312 | D        | Reached skill level 16 in Axes
  1387 | D        | Noticed an orc sorcerer
  1388 | D        | Noticed a kobold demonologist
  1389 | D        | Noticed a kobold demonologist
  1391 | D        | Killed an orc sorcerer
  1402 | D        | Noticed a glaive of flaming
  1402 | D        | Killed a kobold demonologist
  1404 | D        | Received a gift from Trog
  1405 | D        | Killed a kobold demonologist
  1405 | D        | Reached skill level 1 in Stealth
  1408 | D        | Received a gift from Trog
  1410 | D        | Mangled by a glaive of flaming

Skill      XL: |  1  2  3  4  5  6  7  8  9 10 |
---------------+-------------------------------+-----
Axes           | 3 4 7 8 10 11 13 15 16 | 16.6
Fighting       | 4 5 7 8 9 10 11 12 13 | 13.9
Dodging        | 2 3 4 5 6 |  6.1
Armour         | 3 4 6 8 |  8.2
Stealth        | 1 |  1.0

Action                   |  1- 3 |  4- 6 |  7- 9 | 10-12 || total
-------------------------+-------+-------+-------+-------++-------
Melee: Hand axe          |    33 |    11 |    35 |       ||    79
       Broad axe         |       |       |    46 |       ||    46
       Battleaxe         |       |       |    15 |    20 ||    35
       Executioner's axe |       |       |       |    17 ||    17
Invok: Berserk           |     1 |     1 |     4 |     1 ||     7
       Brothers in Arms  |       |       |       |     1 ||     1
  Use: Potion            |       |       |       |     1 ||     1
  Eat: Chunk             |       |       |     7 |     1 ||     8
Armor: Animal skin       |    10 |       |       |       ||    10
       Plate armour      |       |     8 |    55 |    27 ||    90
Dodge: Dodged            |    23 |     5 |    37 |    20 ||    85
